 Dungeon Crawl Stone Soup version 0.21-a0-426-g98080a9 (webtiles) character file.

447 Ijustatesigmund the Sneak (level 7, -1/69 HPs)
             Began as an Octopode Enchanter on Nov 7, 2017.
             Was a Follower of Okawaru.
             Slain by a sky beast (6 damage)
             ... on level 6 of the Dungeon.
             The game lasted 00:09:26 (4550 turns).

Ijustatesigmund the Sneak (Octopode Enchanter)      Turns: 4550, Time: 00:09:26

Health: -1/69      AC:  1    Str: 13    XL:     7   Next: 3%
Magic:  10/10      EV: 14    Int: 17    God:    Okawaru [*.....]
Gold:   116        SH:  0    Dex: 14    Spells: 7/10 levels left

rFire    . . .     SeeInvis .   p - +0 rapier
rCold    . . .     Gourm    .   (no shield)
rNeg     . . .     Faith    .   (helmet restricted)
rPois    .         Spirit   .   (no amulet)
rElec    .         Reflect  .   (no ring)
rCorr    .         Harm     .   (no ring)
MR       .....                  (no ring)
Stlth    ..........             (no ring)
HPRegen  0.21/turn              (no ring)
MPRegen  0.12/turn              (no ring)
                                (no ring)
                                (no ring)

@: confused, berserking, very quick
A: almost no armour, stealthy swim, amphibious, 8 rings, constrict 8, camouflage
1, gelatinous body 1
a: Heroism, Renounce Religion


You were on level 6 of the Dungeon.
You worshipped Okawaru.
Okawaru was aware of your devotion.
You were very hungry.

You visited 1 branch of the dungeon, and saw 6 of its levels.

You collected 116 gold pieces.

Inventory:

Hand Weapons
 a - a +1 dagger
 p - a +0 rapier (weapon)
Scrolls
 e - 2 scrolls of teleportation
 m - a scroll of remove curse
Potions
 d - a potion of curing
 f - a potion of brilliance
 j - a potion of haste {unknown}
 k - a potion of ambrosia
 n - a potion of lignification {unknown}
Books
 b - a book of Maledictions

   Spells                             Type                      Level
   a - Corona                         Hexes                        1
   b - Ensorcelled Hibernation        Hexes/Ice                    2
   c - Confuse                        Hexes                        3
   d - Tukima's Dance                 Hexes                        3
   e - Dazzling Spray                 Conjuration/Hexes            3
Comestibles
 c - 5 bread rations
 h - 3 fruits
 i - a royal jelly
 l - 2 meat rations


   Skills:
 - Level 3.6 Fighting
 - Level 3.8 Short Blades
 + Level 2.7 Dodging
 + Level 4.9 Stealth
 - Level 2.0 Spellcasting
 - Level 3.0 Hexes
 + Level 0.4 Ice Magic
 + Level 3.2 Invocations


You had 7 spell levels left.
You knew the following spells:

 Your Spells              Type           Power        Failure   Level  Hunger
a - Corona                Hex            ##.....      5%          1    #......
b - Ensorcelled Hibernat  Hex/Ice        #.....       14%         2    ###....


Dungeon Overview and Level Annotations

Branches:
Dungeon (6/15)             Temple (0/1) D:4

Altars:
Ashenzari
Cheibriados
Dithmenos
Fedhas
Okawaru
Vehumet
Zin

Annotations:
D:3 zorance's ghost, amateur DrTm
D:5 Ijyb


Innate Abilities, Weirdness & Mutations

You cannot wear most types of armour.
You are very stealthy in the water. (Stealth+)
You are amphibious.
You can wear up to eight rings at the same time.
You can use your tentacles to constrict eight enemies at once.
Your skin changes colour to match your surroundings (Stealth+).
Your rubbery body absorbs attacks. (AC +1, EV +1)


Message History

* * * LOW HITPOINT WARNING * * *
Something shocks you.
* * * LOW HITPOINT WARNING * * *
It was a potion of ambrosia.
You are confused.
You feel invigorated.
A sky beast appears from thin air!
Reactivating autopickup.
The sky beast misses you.
A red film seems to cover your vision as you go berserk!
You feel yourself moving faster!
You feel mighty! The sky beast hits you.
* * * LOW HITPOINT WARNING * * *
The sky beast shocks you.
* * * LOW HITPOINT WARNING * * *
You miss the sky beast.
The sky beast is heavily wounded.
The sky beast misses you. The sky beast hits you.
* * * LOW HITPOINT WARNING * * *
The sky beast shocks you.
You die...

.........#
.........#
.........#
.........#
.........#
.........#
.......Y.#
.......@<#
.........#
.........#
.........#
.........#
##########


You could see a sky beast.

Vanquished Creatures
  An ogre (D:4)
  A bullfrog (D:4)
  A crimson imp (D:6)
  A centaur skeleton (D:4)
  3 worker ants (D:4)
  4 adders
  4 gnolls (D:4)
  2 shadow imps
  An ooze (D:2)
  A worm (D:2)
  4 dart slugs
  4 leopard geckos
  2 orcs
  A giant cockroach (D:2)
  6 goblins
  9 hobgoblins
  7 jackals
  A quokka (D:4)
  A ball python (D:4)
  7 bats
  5 frilled lizards
  4 kobolds
  5 rats
75 creatures vanquished.

Notes
Turn   | Place    | Note
-------+----------+-------------------------------------------
     0 | D:1      | Ijustatesigmund the Octopode Enchanter began the quest for the Orb.
     0 | D:1      | Reached XP level 1. HP: 11/11 MP: 3/3
   415 | D:1      | Reached skill level 1 in Fighting
   415 | D:1      | Reached XP level 2. HP: 18/18 MP: 5/5
   430 | D:1      | Learned a level 2 spell: Ensorcelled Hibernation
  1230 | D:2      | Found a blossoming altar of Fedhas.
  1230 | D:2      | Found a shattered altar of Ashenzari.
  1230 | D:2      | Found a glowing silver altar of Zin.
  1230 | D:2      | Found a shadowy altar of Dithmenos.
  1230 | D:2      | Found a radiant altar of Vehumet.
  1235 | D:2      | Reached XP level 3. HP: 23/23 MP: 6/6
  1440 | D:2      | Found a shadowy altar of Dithmenos.
  1951 | D:2      | Reached XP level 4. HP: 24/30 MP: 7/7
  2308 | D:2      | Found a snail-covered altar of Cheibriados.
  2512 | D:3      | Found an iron altar of Okawaru.
  2525 | D:3      | Became a worshipper of Warmaster Okawaru
  2751 | D:3      | Found an iron altar of Okawaru.
  2997 | D:3      | Reached skill level 1 in Invocations
  2997 | D:3      | Reached XP level 5. HP: 36/36 MP: 8/8
  3097 | D:3      | Noticed zorance's ghost (amateur DrTm)
  3154 | D:4      | Noticed an ogre
  3165 | D:4      | Killed an ogre
  3314 | D:4      | Reached * piety under Okawaru
  3314 | D:4      | Reached XP level 6. HP: 23/42 MP: 9/9
  3545 | D:4      | Found a staircase to the Ecumenical Temple.
  4506 | D:5      | Entered Level 5 of the Dungeon
  4511 | D:5      | Noticed a sky beast
  4521 | D:6      | Reached XP level 7. HP: 44/46 MP: 10/10
  4536 | D:5      | Noticed Ijyb
  4550 | D:6      | Slain by a sky beast

Vault maps used:
D:1:      erik_arrival_blinker_ship
D:2:      nicolae_overflow_hidden_temple, grunt_temple_overflow_open,
          first_bread, grunt_dithmenos_smoke
D:3:      lemuel_doored_altar, kennysheep_okawaru_gauntlet
D:4:      temple_green, serial_bayou_pond_c
D:5:      tso_altar, lemuel_crystal_altar, serial_shops, shop, uniq_ijyb,
          uniq_pikel, uniq_grinder, uniq_duvessa
D:6:      basic_altar, serial_shops, shop, kennysheep_little_box, shop

Skill      XL: |  1  2  3  4  5  6 |
---------------+-------------------+-----
Fighting       | 1 2 3 |  3.6
Short Blades   | 2 3 |  3.8
Invocations    | 1 2 3 |  3.2
Dodging        | |  2.7
Stealth        | |  4.9
Spellcasting   | |  2.0
Hexes          | |  3.0
Ice Magic      | |  0.4

Action                   |  1- 3 |  4- 6 |  7- 9 || total
-------------------------+-------+-------+-------++-------
Melee: Dagger            |    88 |    51 |       ||   139
       Constrict         |    16 |    17 |       ||    33
       Tentacles         |    11 |    16 |     1 ||    28
       Rapier            |       |    46 |     6 ||    52
 Cast: Ensorcelled Hiber |       |    12 |       ||    12
  Use: Scroll            |     3 |     7 |       ||    10
       Potion            |     2 |       |     2 ||     4
 Stab: Sleeping          |    18 |    15 |       ||    33
  Eat: Chunk             |     3 |     8 |       ||    11
Armor: Skin              |    11 |       |       ||    11
Dodge: Dodged            |    51 |    66 |     5 ||   122

Table legend:
 A = Spawn XP
 B = Non-spawn XP
 C = Spawn XP percentage of total XP
 D = Spawn monster count
 E = Non-spawn monster count
 F = Spawn count percentage of total count
 G = Total turns spent on level
                    A         B        C        D         E        F      G
               +---------+---------+-------+---------+---------+-------+---------
         Total |       0 |     639 |   0.0 |       0 |      75 |   0.0 |  4550
               +---------+---------+-------+---------+---------+-------+---------
           D:1 |       0 |      33 |   0.0 |       0 |      17 |   0.0 |  1228
           D:2 |       0 |      70 |   0.0 |       0 |      25 |   0.0 |  1178
           D:3 |       0 |      65 |   0.0 |       0 |      12 |   0.0 |   738
           D:4 |       0 |     412 |   0.0 |       0 |      19 |   0.0 |  1362
           D:5 |       0 |      11 |   0.0 |       0 |       1 |   0.0 |    18
           D:6 |       0 |      48 |   0.0 |       0 |       1 |   0.0 |    26
               +---------+---------+-------+---------+---------+-------+---------
